 Dungeon Crawl Stone Soup version 0.18-a0-1685-g4482fe3 (webtiles) character file.

182 Heskey the Skirmisher (level 5, -2/46 HPs)
             Began as a Draconian Warper on Apr 4, 2016.
             Was an Initiate of Okawaru.
             Slain by Ijustatesigmund's ghost (3 damage)
             ... on level 3 of the Dungeon.
             The game lasted 00:04:03 (2333 turns).

Heskey the Skirmisher (Draconian Warper)            Turns: 2333, Time: 00:04:04

Health: -2/46      AC:  7    Str: 14    XL:     5   Next: 34%
Magic:  8/8        EV: 12    Int: 13    God:    Okawaru [......]
Gold:   78         SH:  0    Dex: 11    Spells: 1 memorised, 8 levels left

rFire  . . .     SeeInvis .     a - +0 short sword
rCold  . . .     Gourm    .     (armour unavailable)
rNeg   . . .     Faith    .     (no shield)
rPois  .         Spirit   .     (helmet restricted)
rElec  .         Dismiss  .     (no cloak)
rCorr  .         Reflect  .     (no gloves)
SustAt .         Harm     .     l - +1 pair of boots
MR     .....                    (no amulet)
Stlth  +.........               (no ring)
                                (no ring)

@: not resistant to hostile enchantments, very unstealthy
A: unfitting armour, cold-blooded, AC +5
a: Renounce Religion


You were on level 3 of the Dungeon.
You worshipped Okawaru.
Okawaru was noncommittal.
You were very hungry.

You visited 1 branch of the dungeon, and saw 3 of its levels.

You collected 78 gold pieces.

Inventory:

Hand Weapons
 a - a +0 short sword (weapon)
Missiles
 d - 5 tomahawks of dispersal (quivered)
 t - 8 tomahawks
Armour
 l - a +1 pair of boots (worn)
Scrolls
 c - 5 scrolls of blinking
 e - a scroll of recharging {unknown}
 h - a scroll of remove curse {unknown}
 i - 2 scrolls of magic mapping {unknown}
 k - 2 scrolls of enchant armour {unknown}
 p - a scroll of identify {unknown}
Potions
 j - 2 potions of curing {unknown}
 m - a potion of haste {unknown}
 n - 2 potions of ambrosia {unknown}
 o - a potion of resistance
 q - a potion of heal wounds {unknown}
 r - a potion of brilliance {unknown}
Books
 b - a book of Spatial Translocations

   Spells                             Type                      Level
   a - Apportation                    Translocation                1
   b - Blink                          Translocation                2
   c - Shroud of Golubria             Charms/Translocation         2
   d - Portal Projectile              Translocation                3
   e - Teleport Other                 Translocation                3
   f - Passage of Golubria            Translocation                4
Comestibles
 f - 3 bread rations
 g - 4 fruits
 s - a meat ration


   Skills:
 + Level 3.9 Fighting
 + Level 3.1 Short Blades
 - Level 0.8 Throwing
 + Level 3.0 Dodging
 - Level 2.5 Spellcasting
 - Level 3.5 Translocations


You had 8 spell levels left.
You knew the following spells:

 Your Spells              Type           Power        Failure   Level  Hunger
a - Apportation           Tloc           ##........   8%          1    #......


Dungeon Overview and Level Annotations

Branches:
Dungeon (3/15)

Altars:
Elyvilon
Okawaru
Ru

Annotations:
D:3 Ijustatesigmund's ghost, amateur OpAs


Innate Abilities, Weirdness & Mutations

Your plain brown scales are hard (AC +5).
Your body does not fit into most forms of armour.
You are cold-blooded and may be slowed by cold attacks.


Message History

You hit Ijustatesigmund's ghost but do no damage.
Ijustatesigmund's ghost hits you but does no damage.
You closely miss Ijustatesigmund's ghost.
Ijustatesigmund's ghost hits you but does no damage.
You hit Ijustatesigmund's ghost.
Ijustatesigmund's ghost is lightly damaged.
Ijustatesigmund's ghost hits you but does no damage.
You hit Ijustatesigmund's ghost.
Ijustatesigmund's ghost is moderately damaged.
Ijustatesigmund's ghost hits you.
* * * LOW HITPOINT WARNING * * *
You closely miss Ijustatesigmund's ghost.
You tail-slap Ijustatesigmund's ghost.
Ijustatesigmund's ghost is moderately damaged.
Ijustatesigmund's ghost hits you.
* * * LOW HITPOINT WARNING * * *
You barely miss Ijustatesigmund's ghost.
Ijustatesigmund's ghost is moderately damaged.
Ijustatesigmund's ghost hits you.
You die...

##############
#............#
#............#
#.?..........#
#............#
#.....W......# ##### #
#.....@......# #...#
#.##.......!....# #...#
#..'............# #...#
#.##...?........# #...#
#..[....##############....
..........................
.###.##.)....##...........
#.##......##...........
....'.......'...........


You could see Ijustatesigmund's ghost.

Vanquished Creatures
  An orc priest (D:3)
  Jessica (D:2)
  5 adders
  An ooze (D:2)
  4 dart slugs
  A giant gecko (D:2)
  2 orcs (D:3)
  3 giant cockroaches
  8 goblins
  6 hobgoblins
  5 jackals
  3 quokkas
  9 bats
  7 giant newts
  7 kobolds
  5 rats
68 creatures vanquished.

Notes
Turn   | Place    | Note
--------------------------------------------------------------
     0 | D:1      | Heskey the Draconian Warper began the quest for the Orb.
     0 | D:1      | Reached XP level 1. HP: 17/17 MP: 3/3
   388 | D:1      | Reached XP level 2. HP: 20/25 MP: 5/5
  1040 | D:1      | Reached XP level 3. HP: 30/30 MP: 6/6
  1146 | D:2      | Found a white marble altar of Elyvilon.
  1335 | D:2      | Found an iron altar of Okawaru.
  1352 | D:2      | Became a worshipper of Warmaster Okawaru
  1404 | D:2      | Noticed Jessica
  1413 | D:2      | Killed Jessica
  1413 | D:2      | Reached XP level 4. HP: 28/38 MP: 7/7
  2053 | D:3      | Found a sacrificial altar of Ru.
  2108 | D:3      | Reached XP level 5. HP: 11/46 MP: 8/8
  2317 | D:3      | Noticed Ijustatesigmund's ghost (amateur OpAs)
  2332 | D:3      | HP: 1/46 [Ijustatesigmund's ghost (4)]
  2333 | D:3      | Slain by Ijustatesigmund's ghost

Vault maps used:
D:1:      dpeg_arrival_fog, minmay_misc_feat_secret_circle
D:2:      overflow_temple_1_default, overflow_temple_1_default, first_bread,
          minmay_misc_feat_x, grunt_decor_mini_mirrors, uniq_jessica
D:3:      nicolae_overflow_crystal_walls, nicolae_underground_beach

Skill      XL: |  1  2  3  4 |
---------------+-------------+-----
Fighting       | 3 |  3.9
Short Blades   | 3 |  3.1
Dodging        | 3 |  3.0
Throwing       | |  0.8
Spellcasting   | |  2.5
Translocations | |  3.5

Action                   |  1- 3 |  4- 6 || total
-------------------------+-------+-------++-------
Melee: Short sword       |   176 |   167 ||   343
 Cast: Apportation       |       |     1 ||     1
 Stab: Sleeping          |     3 |       ||     3
  Eat: Chunk             |     2 |     2 ||     4
